 Dungeon Crawl Stone Soup version 0.18.1-48-g4cf74bf (webtiles) character file.

135 PossumBlood the Skirmisher (level 4, 0/38 HPs)
             Began as a Demonspawn Fighter on Aug 17, 2016.
             Succumbed to an orc's poison
             ... on level 4 of the Dungeon.
             The game lasted 00:04:08 (1772 turns).

PossumBlood the Skirmisher (Demonspawn Fighter)     Turns: 1772, Time: 00:04:09

Health: 0/38       AC:  8    Str: 22    XL:     4   Next: 96%
Magic:  4/4        EV:  7    Int: 10    God:
Gold:   159        SH: 12    Dex: 12    Spells: 0 memorised, 3 levels left

rFire  . . .     SeeInvis .     a - +0 war axe
rCold  . . .     Gourm    .     b - +0 scale mail
rNeg   . . .     Faith    .     c - +0 shield
rPois  .         Spirit   .     (no helmet)
rElec  .         Dismiss  .     (no cloak)
rCorr  .         Reflect  +     (no gloves)
SustAt .         Harm     .     (no boots)
MR     .....                    g - +3 amulet of reflection
Stlth  ..........               (no ring)
                                (no ring)

@: mighty, lethally poisoned (0 -> -6), invisible, not resistant to hostile
enchantments, extremely unstealthy
A: yellow scales 1, rot immunity
a: no special abilities


You were on level 4 of the Dungeon.
You were not hungry.

You visited 1 branch of the dungeon, and saw 4 of its levels.

You collected 159 gold pieces.

Inventory:

Hand Weapons
 a - a +0 war axe (weapon)
 s - a +0 short sword
Armour
 b - a +0 scale mail (worn)
 c - a +0 shield (worn)
Jewellery
 g - a +3 amulet of reflection (around neck)
Wands
 t - a wand of digging (10/24)
Scrolls
 e - a scroll of magic mapping {unknown}
 i - 3 scrolls of enchant weapon {unknown}
 j - a scroll of noise {unknown}
 l - a scroll of recharging {unknown}
 m - 4 scrolls of immolation {unknown}
 r - 2 scrolls of identify {unknown}
 u - a scroll of teleportation {unknown}
 v - a scroll of remove curse {unknown}
 w - a scroll of random uselessness {unknown}
 x - a scroll of fear {unknown}
 y - a scroll of blinking {unknown}
Potions
 h - a potion of flight {unknown}
 n - a potion of berserk rage {unknown}
 p - a potion of agility {unknown}
Comestibles
 f - 2 bread rations
 o - 3 beef jerkies
 q - 4 meat rations


   Skills:
 + Level 4.6 Fighting
 + Level 3.4 Axes
 - Level 2.6 Armour
 - Level 2.6 Shields


You had 3 spell levels left.
You didn't know any spells.

Dungeon Overview and Level Annotations

Branches:
Dungeon (4/15)
 Temple: D:4-7

Altars:
Cheibriados
Dithmenos
Sif Muna

Annotations:
D:3 Blork the orc


Innate Abilities, Weirdness & Mutations

You are partially covered in yellow scales (AC +2).
You are immune to rotting.


Message History

You slash the orc priest!
The orc priest is heavily wounded.
You barely miss something.
You feel sick.
The hound moves out of view.
You block something's attack.
The orc wizard hits you but does no damage.
The orc priest mumbles some strange prayers to Beogh against you.
Pain shoots through your body!
* * * LOW HITPOINT WARNING * * *
Something hits you but does no damage.
You closely miss the orc wizard.
The orc wizard is almost dead.
You slash the orc priest!
You kill the orc priest!
You barely miss something.
The orc wizard casts a spell.
The orc wizard blinks!
Something hits you but does no damage.
Drink which item? (? for menu, Esc to quit)
It was a potion of invisibility.
You fade into invisibility!
You die...

.... .. ......
.# #
...#..#####.##..
...............
...............
#...o.....?..
#.h?.........
#...†@.......
#..){.)......
#.[.............
##.#...)........
# ###.....#?...
###########


You could see a hound and an orc wizard.

Vanquished Creatures
  An orc priest (D:4)
  A worker ant (D:4)
  2 adders (D:3)
  An ooze (D:3)
  3 dart slugs (D:1)
  A giant gecko (D:3)
  3 orcs
  7 bats
  4 giant cockroaches
  3 goblins
  12 hobgoblins
  5 kobolds
  A ball python (D:3)
  2 giant newts (D:2)
  2 rats
48 creatures vanquished.

Notes
Turn   | Place    | Note
--------------------------------------------------------------
     0 | D:1      | PossumBlood the Demonspawn Fighter began the quest for the Orb.
     0 | D:1      | Reached XP level 1. HP: 18/18 MP: 1/1
   284 | D:1      | Gained mutation: You are partially covered in yellow scales (AC +2). [demonic ancestry]
   284 | D:1      | Reached XP level 2. HP: 24/24 MP: 2/2
   638 | D:2      | Gained mutation: You are immune to rotting. [demonic ancestry]
   638 | D:2      | Reached XP level 3. HP: 26/29 MP: 3/3
   681 | D:2      | Found a shadowy altar of Dithmenos.
   726 | D:2      | Found a snail-covered altar of Cheibriados.
  1169 | D:3      | Reached skill level 4 in Fighting
  1419 | D:3      | Reached XP level 4. HP: 37/37 MP: 4/4
  1607 | D:3      | Noticed Blork the orc
  1614 | D:3      | Found a deep blue altar of Sif Muna.
  1770 | D:4      | HP: 1/38 [orc priest/nerve-wracking pain (9)]
  1772 | D:4      | Succumbed to an orc's poison

Skill      XL: |  1  2  3  4 |
---------------+-------------+-----
Axes           | 2 3 |  3.4
Fighting       | 4 |  4.6
Armour         | |  2.6
Shields        | |  2.6

Action                   |  1- 3 |  4- 6 || total
-------------------------+-------+-------++-------
Melee: War axe           |   137 |    22 ||   159
  Use: Potion            |     1 |     2 ||     3
  Eat: Bread ration      |     1 |       ||     1
Armor: Scale mail        |    62 |    25 ||    87
Dodge: Dodged            |    34 |     9 ||    43
Block: Shield            |    98 |    15 ||   113
       Reflection        |     1 |     1 ||     2
